Map: The Vermillion Problem

Players

CyMoon

  • Race: Protoss Protoss
  • Spawn Location: 11:00

NamroodTuo

  • Race: Zerg Zerg

VOD

Have the link to the VOD?

Description

Time

  • Played on: March 9, 2023, 5:39 a.m.
  • Length: 28:41
Show
View Real Time Build Order
Export as new Build Order

CyMoon Protoss 

Build Orders:  

Get SALT Encoding   

  12  0:07  Probe (Chrono Boost)  
  13  0:20  Probe (Chrono Boost)  
  14  0:40  Assimilator  
  14  0:47  Assimilator  
  14  0:56  Pylon  
  14  1:29  Gateway  
  14  1:30  Gateway  
  14  1:32  Probe (Chrono Boost)  
  15  1:46  Probe (Chrono Boost)  
  16  2:00  Probe (Chrono Boost)  
  17  2:14  Probe (Chrono Boost)  
  18  2:21  Pylon  
  18  2:28  Probe (Chrono Boost)  
  19  2:42  Probe (Chrono Boost)  
  19  2:47  Forge  
  19  2:48  Forge  
  20  2:51  Forge  
  20  2:59  Probe (Chrono Boost)  
  21  3:13  Probe (Chrono Boost)  
  22  3:26  Probe (Chrono Boost)  
  23  3:40  Probe (Chrono Boost)  
  24  3:54  Probe (Chrono Boost)  
  25  4:08  Probe (Chrono Boost)  
  26  4:11  Pylon  
  26  4:17  Zealot x2  
  30  4:22  Probe (Chrono Boost)  
  31  4:40  Cybernetics Core  
  31  5:03  Zealot x2  
  35  5:27  Protoss Ground Weapons Level 1  
  35  5:28  Protoss Shields Level 1, Protoss Ground Armor Level 1  
  35  5:32  Twilight Council  
  35  5:36  Dragoon  
  35  5:37  Dragoon  
  39  6:55  Whirlwind  
  39  7:52  Pylon  
  39  7:54  Pylon  
  39  7:58  Pylon  
  39  8:00  Pylon  
  39  8:32  Dragoon x2  
  37  10:08  Dragoon  
  39  10:16  Protoss Ground Weapons Level 2  
  39  10:17  Protoss Shields Level 2, Protoss Ground Armor Level 2  
  39  10:37  Probe (Chrono Boost)  
  39  10:50  Pylon  
  39  11:12  Dragoon  
  39  11:13  Dragoon x3  
  47  11:32  Robotics Facility  
  47  11:33  Robotics Facility  
  47  11:50  Trillic Compresion Mesh  
  47  12:09  Nexus  
  47  12:15  Assimilator  
  47  12:17  Assimilator  
  47  13:20  Singularity Charge  
  47  13:49  Probe (Chrono Boost)  
  48  13:54  Probe (Chrono Boost)  
  49  14:02  Probe (Chrono Boost)  
  49  14:08  Probe (Chrono Boost)  
  51  14:16  Probe (Chrono Boost)  
  52  14:20  Charge  
  52  14:22  Probe (Chrono Boost)  
  52  14:23  Robotics Bay  
  53  14:58  Gateway  
  53  14:59  Gateway  
  53  15:33  Dragoon  
  53  15:35  Dragoon  
  53  15:36  Zealot x3  
  53  15:37  Zealot  
  65  15:46  Improved Barrier  
  65  15:51  Immortal  
  65  15:52  Immortal x3  
  79  17:09  Protoss Air Armor Level 1  
  79  17:10  Pylon  
  79  17:15  Pylon  
  79  17:18  Pylon  
  79  17:20  Pylon  
  79  17:28  Dragoon  
  81  17:55  Protoss Ground Armor Level 3, Protoss Shields Level 3, Protoss Ground Weapons Level 3  
  81  19:29  Immortal  
  85  19:30  Immortal x2  
  85  19:31  Immortal  
  97  21:04  Pylon  
  97  21:05  Pylon  
  97  21:07  Pylon  
  97  21:09  Pylon  
  97  21:17  Probe (Chrono Boost)  
  98  21:31  Probe (Chrono Boost)  
  99  21:45  Probe (Chrono Boost)  
  100  21:51  Protoss Air Armor Level 2  
  100  21:59  Probe (Chrono Boost)  
  101  22:00  Probe (Chrono Boost)  
  102  22:12  Probe (Chrono Boost)  
  102  22:14  Probe (Chrono Boost)  
  104  22:28  Probe (Chrono Boost)  
  101  22:42  Probe (Chrono Boost)  
  101  22:43  Zealot x2  
  101  22:44  Zealot x3  
  101  22:45  Zealot x3  
  101  22:46  Zealot  
  118  22:56  Probe (Chrono Boost)  
  115  23:22  Zealot x2  
  115  23:23  Zealot x2  
  115  23:24  Zealot x2  
  123  24:20  Photon Cannon  
  123  24:21  Photon Cannon  
  123  24:23  Photon Cannon  
  123  24:26  Photon Cannon  
  123  24:27  Photon Cannon  
  123  24:28  Photon Cannon  
  123  24:35  Photon Cannon  
  123  24:40  Photon Cannon  
  123  24:44  Photon Cannon  
  123  24:49  Photon Cannon  
Show
View Real Time Build Order
Export as new Build Order

NamroodTuo Zerg 

Build Orders:  

Get SALT Encoding   

  12  0:12  Overlord  
  12  0:21  Infested SCV  
  12  0:25  Infested SCV  
  14  0:33  Infested SCV  
  14  0:39  Infested SCV  
  16  0:51  Infested SCV  
  17  1:06  Infested SCV  
  18  1:11  Infested Refinery  
  18  1:24  Infested Barracks  
  18  1:26  Infested SCV  
  19  1:38  Infested SCV  
  20  1:49  Infested Refinery  
  20  1:54  Infested SCV  
  21  2:36  Overlord x2  
  21  2:44  Infested SCV  
  22  2:55  Infested Factory  
  22  2:59  Infested Engineering Bay  
  22  3:06  Infested SCV  
  23  3:10  Infested Barracks Tech Lab  
  23  3:35  Overlord  
  23  3:49  Infested Bunker  
  27  3:53  Infested Marine  
  27  3:54  Infested Marine x3  
  31  4:01  Infested Marine x4  
  31  4:08  Unknown  
  31  4:43  Infested Factory Tech Lab  
  31  4:46  Infested SCV x2  
  31  4:47  Infested SCV x2  
  35  4:55  Infested Armory  
  35  4:56  Infested SCV  
  36  5:05  Infested SCV  
  33  5:40  Infested SCV  
  33  5:43  Overlord  
  34  6:15  Infested Marine  
  34  6:16  Infested Marine x7  
  34  6:17  Infested Marine x11  
  53  6:39  Infested SCV  
  54  6:44  Infested Factory  
  54  6:46  Overlord, Infested SCV  
  55  6:53  Stukov Vehicle and Ship Weapons Level 1  
  55  7:34  Saturated Cultures  
  55  7:50  Infested Missile Turret  
  55  7:57  Retinal Augmentation  
  40  8:05  Infested Factory Tech Lab  
  40  8:17  Infested Missile Turret  
  40  8:34  Caustic Mucus  
  40  8:45  Infested Bunker  
  40  8:47  Regenerative Plating  
  40  8:56  Infested Command Center  
  40  9:31  Infested Diamondback x3  
  40  9:32  Stukov Vehicle and Ship Armor Level 1  
  49  9:40  Automated Mitosis  
  49  9:47  Stukov Infantry Weapons Level 1  
  49  10:06  Infested Diamondback x2  
  55  10:17  Aggressive Incubation  
  55  10:25  Overseer  
  55  10:28  Overseer  
  55  10:48  Infested SCV  
  55  10:49  Infested SCV x2  
  58  11:11  Infested Diamondback x2  
  64  11:22  Overlord x2  
  64  11:56  Infested Bunker  
  68  12:05  Overseer  
  68  12:07  Overseer  
  68  12:15  Infested Diamondback  
  71  12:25  Infested SCV x4  
  75  12:35  Infested SCV  
  76  12:47  Infested Missile Turret  
  76  13:07  Infested SCV x2  
  78  13:17  Infested Bunker  
  82  13:33  Infested Siege Tank  
  82  13:34  Infested Siege Tank  
  82  13:39  Infested Siege Tank  
  91  13:44  Overlord  
  91  13:51  Infested SCV  
  91  13:55  Overlord  
  91  13:57  Infested SCV  
  93  14:04  Infested Missile Turret  
  93  14:15  Infested Siege Tank  
  93  14:16  Infested Diamondback  
  99  14:22  Infested SCV  
  99  14:26  Overlord  
  100  16:07  Infested SCV x3  
  100  16:08  Infested SCV x2  
  105  16:19  Infested Siege Tank x2, Infested Bunker  
  115  16:20  Infested Diamondback  
  115  16:24  Overlord  
  115  16:27  Overlord x2  
  115  16:28  Overlord x3  
  118  16:35  Infested Refinery  
  118  16:38  Infested Refinery  
  118  16:56  Infested Bunker  
  118  17:07  Infested Missile Turret  
  118  17:21  Infested SCV x3  
  121  17:32  Infested Missile Turret  
  121  17:40  Infested Siege Tank, Infested Diamondback  
  121  17:41  Infested Siege Tank x2, Infested Diamondback  
  121  17:42  Infested Siege Tank  
  121  17:43  Infested Missile Turret  
  139  17:59  Infested Siege Tank x2, Infested Missile Turret  
  145  18:01  Infested Siege Tank  
  145  18:05  Overlord  
  148  18:27  Infested Missile Turret  
  144  18:55  Infested Missile Turret  
  144  19:22  Infested Missile Turret  
  144  19:37  Overlord x5  
  144  19:38  Overlord  
  144  19:39  Infested Siege Tank x2, Infested Diamondback  
  153  19:40  Infested Siege Tank, Infested Diamondback  
  153  19:41  Infested Siege Tank x2, Infested Diamondback  
  153  19:42  Infested Diamondback  
  111  27:43  Overseer  
Tags
 
Add a new tag
Caveats
  • Supply blocks, unpowered buildings, or Contaminate may cause inaccurate times.
  • Supply counts are checked every 10 seconds.